 Dungeon Crawl Stone Soup version 0.23-a0-629-gae4348f (console) character file.

295 bli the Slasher (level 6, 0/53 HPs)
             Began as a Draconian Monk on Dec 25, 2018.
             Was a Priest of Fedhas.
             Slain by a bullfrog skeleton (5 damage)
             ... on level 4 of the Dungeon.
             The game lasted 00:09:12 (2908 turns).

bli the Slasher (Draconian Monk)                    Turns: 2908, Time: 00:09:12

Health: 0/53       AC:  6    Str: 13    XL:     6   Next: 11%
Magic:  6/6        EV: 13    Int: 11    God:    Fedhas [***...]
Gold:   195        SH:  0    Dex: 15    Spells: 5/5 levels left

rFire    . . .     SeeInvis .   c - +1 dagger (venom)
rCold    . . .     Gourm    .   (no shield)
rNeg     . . .     Faith    .   (armour unavailable)
rPois    .         Spirit   .   (helmet restricted)
rElec    .         Reflect  .   (no cloak)
rCorr    .         Harm     .   (no gloves)
MR       .....                  (no boots)
Stlth    ++........             u - amulet of magic regeneration
HPRegen  0.17/turn              (no ring)
MPRegen  0.35/turn              (no ring)

@: no status effects
A: unfitting armour, cold-blooded, AC +6
a: Fungal Bloom, Sunlight, Evolution, Growth, Renounce Religion


You were on level 4 of the Dungeon.
You worshipped Fedhas.
Fedhas was most pleased with you.
You were not hungry.

You visited 1 branch of the dungeon, and saw 4 of its levels.

You collected 195 gold pieces.

Inventory:

Hand Weapons
 a - a +0 falchion
 b - a +2 hunting sling of freezing
 c - a +1 dagger of venom (weapon)
 g - a +0 hunting sling
Missiles
 d - 62 stones (quivered)
Armour
 o - a +0 large shield
Jewellery
 u - an amulet of magic regeneration (around neck)
Scrolls
 e - 3 scrolls of teleportation {unknown}
 h - 2 scrolls of enchant armour {unknown}
 j - a scroll of noise {unknown}
 k - 5 scrolls of identify {unknown}
 q - a scroll of remove curse {unknown}
 r - a scroll of fear {unknown}
 t - a scroll of fog {unknown}
Potions
 f - 2 potions of lignification {unknown}
 i - 2 potions of haste {unknown}
 l - a potion of might {unknown}
 n - a potion of mutation {unknown}
 p - a potion of curing
 s - 2 potions of brilliance {unknown}
 v - a potion of flight {unknown}
Comestibles
 m - 3 rations


   Skills:
 + Level 4.3 Fighting
 + Level 0.3(3.1) Short Blades
 * Level 5.1 Long Blades
 + Level 0.7 Slings
 + Level 3.3 Dodging
 + Level 2.4 Stealth
 * Level 1.4 Shields


You had 5 spell levels left.
You didn't know any spells.
Your spell library was empty.

Dungeon Overview and Level Annotations

Branches:
Dungeon (4/15)
 Temple: D:4-7

Altars:
Fedhas


Innate Abilities, Weirdness & Mutations

Your plain brown scales are hard. (AC +6)
You cannot fit into any form of body armour.
You are cold-blooded and may be slowed by cold attacks.


Message History

The worker ant twitches its antennae in your direction.
You hit Edmund.
Edmund looks as sick as possible!
Edmund is almost dead.
Edmund misses you.
You hit Edmund.
Edmund looks as sick as possible!
Edmund is almost dead.
Edmund closely misses you.
You kill Edmund!
Your Long Blades skill increases to level 5!
Your Shields skill increases to level 1!
You have reached level 6!
Your experience leads to an increase in your attributes!
Increase (S)trength, (I)ntelligence, or (D)exterity?
You feel agile.
Your scales feel tougher.
Nothing appears to happen.
You barely miss the bullfrog skeleton.
The bullfrog skeleton is severely damaged.
The bullfrog skeleton hits you.
You die...
Fedhas appreciates your contribution to the ecosystem.

....#h. ..(#P
#.(.# #... #.(#
#(# #(# #.# #a#
#Z########
##@.......#
###....>....#
##...........#
##...........#
##............#
###
#.............#
..#
#........รท...##
.##
#............#
.#
##..........##
## ##........##
# ###....#######


You could see a worker ant and a bullfrog skeleton.

Vanquished Creatures
  Edmund (D:4)
  Jessica (D:2)
  Ijyb (D:3)
  5 adders
  2 dart slugs
  4 leopard geckos
  4 giant cockroaches
  11 goblins
  10 hobgoblins
  7 jackals
  7 kobolds
  3 quokkas
  7 bats
  7 frilled lizards
  A leopard gecko skeleton (D:4)
  5 rats
76 creatures vanquished.

Vanquished Creatures (others)
  36 toadstools
36 creatures vanquished.

Grand Total: 112 creatures vanquished

Notes
Turn   | Place    | Note
-------+----------+-------------------------------------------
     0 | D:1      | bli the Draconian Monk began the quest for the Orb.
     0 | D:1      | Reached XP level 1. HP: 19/19 MP: 1/1
   203 | D:1      | Reached XP level 2. HP: 19/26 MP: 2/2
   843 | D:2      | Found a faded altar of an unknown god.
   865 | D:2      | Became a worshipper of Fedhas Madash
   865 | D:2      | Reached * piety under Fedhas
   865 | D:2      | Reached ** piety under Fedhas
   993 | D:2      | Reached XP level 3. HP: 28/33 MP: 3/3
  1027 | D:2      | Reached *** piety under Fedhas
  1112 | D:2      | Noticed Jessica
  1122 | D:2      | Killed Jessica
  1122 | D:2      | Reached skill level 4 in Long Blades
  1257 | D:2      | Reached XP level 4. HP: 40/40 MP: 4/4
  2081 | D:3      | Noticed Ijyb
  2088 | D:3      | Paralysed by Ijyb for 7 turns
  2101 | D:3      | Paralysed by Ijyb for 7 turns
  2120 | D:3      | Killed Ijyb
  2120 | D:3      | Reached XP level 5. HP: 35/46 MP: 5/5
  2868 | D:4      | Noticed Edmund
  2906 | D:4      | Killed Edmund
  2906 | D:4      | Reached skill level 5 in Long Blades
  2906 | D:4      | Reached skill level 1 in Shields
  2906 | D:4      | Reached XP level 6. HP: 4/53 MP: 6/6
  2908 | D:4      | Slain by a bullfrog skeleton

Vault maps used:
D:1:      ncdulo_halloftheorcs
D:2:      cheibrodos_greedy_goblins, serial_curves, eino_curves_01,
          eino_curves_02, chequers_ecumenical_altar_island, uniq_jessica
D:3:      minmay_angry_zag, minmay_misc_feat_room, uniq_ijyb
D:4:      cheibrodos_old_hovel, first_ration, uniq_edmund, uniq_sigmund

Skill      XL: |  1  2  3  4  5 |
---------------+----------------+-----
Stealth        | 2 |  2.4
Long Blades    | 4 5 |  5.1
Dodging        | 3 |  3.3
Fighting       | 4 |  4.3
Shields        | 1 |  1.4
Short Blades   | |  0.3
Slings         | |  0.7

Action                   |  1- 3 |  4- 6 || total
-------------------------+-------+-------++-------
Melee: Falchion          |    96 |   120 ||   216
       Tailslap          |    10 |    20 ||    30
       Dagger            |       |    27 ||    27
 Fire: Hunting sling     |       |    12 ||    12
Throw: Stone             |       |    13 ||    13
Invok: Fungal Bloom      |     5 |    16 ||    21
 Stab: Sleeping          |     3 |     5 ||     8
  Eat: Chunk             |     1 |     6 ||     7
Armor: Skin              |    18 |    52 ||    70
Dodge: Dodged            |    74 |   111 ||   185
       Rpst.: Falchion   |    26 |    35 ||    61

Table legend:
 A = Non-vault XP
 B = Vault XP
 C = Vault XP percentage of total XP
 D = Non-vault monster count
 E = Vault monster count
 F = Vault count percentage of total count
                 A         B        C        D         E       F
            +---------+---------+-------+---------+---------+-------
      Total |     168 |     254 |  60.2 |      60 |      16 |  21.1
            +---------+---------+-------+---------+---------+-------
        D:1 |      35 |       0 |   0.0 |      18 |       0 |   0.0
        D:2 |      41 |      51 |  55.4 |      16 |       8 |  33.3
        D:3 |      50 |      46 |  47.9 |      16 |       7 |  30.4
        D:4 |      42 |     157 |  78.9 |      10 |       1 |   9.1
            +---------+---------+-------+---------+---------+-------
